MID
DELMARVA SHOREBIRDS @ HICKORY CRAWDADS
05/29/2048
 
TOP OF THE 1ST
Delmarva Shorebirds batting - Pitching for Hickory Crawdads : RHP Mario Vizcaya
Pitching: RHP Mario Vizcaya
Batting: RHB Francisco Viera 0-0: Foul Ball, location: 2F
0-1: SINGLE (Groundball, 6M, EV 105.6 MPH) (infield hit)
Batting: RHB Daniel Jackson 0-0: Ball
Francisco Viera is caught stealing 2nd base 2-4
1-0: Foul Ball, location: 2F
1-1: Ball
2-1: Ground out 3-1 (Groundball, 34S, EV 73.8 MPH)
Batting: RHB Ethan Finke 0-0: Swinging Strike
0-1: Called Strike
0-2: Ball
1-2: Strikes out swinging
Top of the 1st over - 0 runs, 1 hit, 0 errors, 0 left on base; Delmarva 0 - Hickory 0
BOTTOM OF THE 1ST
Hickory Crawdads batting - Pitching for Delmarva Shorebirds : RHP Wes Reynolds
Pitching: RHP Wes Reynolds
Batting: RHB Aaron Moore 0-0: Foul Ball, location: 2F
0-1: Swinging Strike
0-2: Ball
1-2: Ground out 6-3 (Groundball, 6MD, EV 106.2 MPH)
Batting: LHB Brian Gray 0-0: Ball
1-0: Foul Ball, location: 2F
1-1: Ground out 5-3 (Groundball, 56D, EV 78.8 MPH)
Batting: RHB Matthew Starr 0-0: Called Strike
0-1: Swinging Strike
0-2: Ball
1-2: Foul Ball, location: 2F
1-2: Foul Ball, location: 2F
1-2: Ball
2-2: Foul Ball, location: 2F
2-2: Strikes out looking
Bottom of the 1st over - 0 runs, 0 hits, 0 errors, 0 left on base; Delmarva 0 - Hickory 0
TOP OF THE 2ND
Delmarva Shorebirds batting - Pitching for Hickory Crawdads : RHP Mario Vizcaya
Batting: RHB Ismael Macedo 0-0: Swinging Strike
0-1: Foul Ball, location: 2F
0-2: Ball
1-2: Ball
2-2: Foul Ball, location: 2F
2-2: Foul Ball, location: 2F
2-2: Strikes out looking
Batting: RHB Mike Zepeda 0-0: Ball
1-0: Called Strike
1-1: Ball
2-1: Foul Ball, location: 2F
2-2: SINGLE (Groundball, 56D, EV 97.5 MPH)
Batting: SHB Jared Boyce 0-0: Ball
Mike Zepeda steals 2nd base
1-0: Called Strike
1-1: Foul Ball, location: 2F
1-2: Ball
2-2: Ball
3-2: Strikes out looking
Batting: RHB Tony Godley 0-0: SINGLE (Groundball, 56S, EV 61.9 MPH) (infield hit)
Mike Zepeda to third
Batting: RHB Matt O'Dea 0-0: Ball
1-0: Ball
2-0: Ball
3-0: Called Strike
3-1: Base on Balls
Tony Godley to second
Batting: RHB Dave Perron 0-0: Ball
1-0: Ball
2-0: Ball
3-0: Base on Balls
Mike Zepeda scores
Tony Godley to third
Matt O'Dea to second
Batting: RHB Francisco Viera 0-0: Called Strike
0-1: Fly out, F9 (Flyball, 9LS, EV 90.0 MPH)
Top of the 2nd over - 1 run, 2 hits, 0 errors, 3 left on base; Delmarva 1 - Hickory 0
BOTTOM OF THE 2ND
Hickory Crawdads batting - Pitching for Delmarva Shorebirds : RHP Wes Reynolds
Batting: SHB Todd Hewitt 0-0: Ball
1-0: Called Strike
1-1: SINGLE (Groundball, 4MD, EV 97.5 MPH)
Batting: RHB Jarrod Joyce 0-0: Called Strike
0-1: Ball
1-1: Foul Ball, location: 2F
1-2: Ball
2-2: Foul Ball, location: 2F
2-2: Grounds into double play, 4-6-3 (Groundball, 34, EV 95.0 MPH)
Batting: LHB Lee Gerken 0-0: Ball
1-0: Foul Ball, location: 2F
1-1: Fly out, F7 (Flyball, 78D, EV 85.0 MPH)
Bottom of the 2nd over - 0 runs, 1 hit, 0 errors, 0 left on base; Delmarva 1 - Hickory 0
TOP OF THE 3RD
Delmarva Shorebirds batting - Pitching for Hickory Crawdads : RHP Mario Vizcaya
Batting: RHB Daniel Jackson 0-0: Ball
1-0: Ball
2-0: Swinging Strike
2-1: SINGLE (Groundball, 56D, EV 101.9 MPH)
Batting: RHB Ethan Finke 0-0: Ball
Wild Pitch!
Daniel Jackson to second
1-0: Ball
2-0: Ball
3-0: Called Strike
3-1: Foul Ball, location: 2F
3-2: Foul Ball, location: 2F
3-2: DOUBLE (Line Drive, 3D, EV 95.6 MPH)
Daniel Jackson scores
Batting: RHB Ismael Macedo 0-0: Called Strike
0-1: Ball
1-1: Swinging Strike
1-2: Foul Ball, location: 2F
1-2: Ball
2-2: Strikes out swinging
Batting: RHB Mike Zepeda 0-0: Swinging Strike
0-1: Ball
1-1: Foul Ball, location: 2F
1-2: Ball
2-2: 2-RUN HOME RUN (Flyball, 7D, EV 108.8 MPH), Distance : 394 ft
Batting: SHB Jared Boyce 0-0: Fly out, F9 (Line Drive, 9, EV 100.0 MPH)
Batting: RHB Tony Godley 0-0: Ball
1-0: SINGLE (Line Drive, 34, EV 102.5 MPH)
Batting: RHB Matt O'Dea 0-0: Ball
1-0: Called Strike
Tony Godley steals 2nd base
1-1: Ground out 5-3 (Groundball, 56, EV 92.5 MPH)
Top of the 3rd over - 3 runs, 4 hits, 0 errors, 1 left on base; Delmarva 4 - Hickory 0
BOTTOM OF THE 3RD
Hickory Crawdads batting - Pitching for Delmarva Shorebirds : RHP Wes Reynolds
Batting: LHB Caleb Domino 0-0: Ground out U3 (Groundball, 3, EV 82.5 MPH)
Batting: RHB Zach Thomason 0-0: Called Strike
0-1: Ball
1-1: Fly out, F9 (Line Drive, 9D, EV 90.6 MPH)
Batting: RHB Dave Brabo 0-0: Foul Ball, location: 2F
0-1: Ground out 3-1 (Groundball, 34S, EV 84.4 MPH)
Bottom of the 3rd over - 0 runs, 0 hits, 0 errors, 0 left on base; Delmarva 4 - Hickory 0
TOP OF THE 4TH
Delmarva Shorebirds batting - Pitching for Hickory Crawdads : RHP Mario Vizcaya
Batting: RHB Dave Perron 0-0: Called Strike
0-1: Swinging Strike
0-2: Ball
1-2: Strikes out swinging
Batting: RHB Francisco Viera 0-0: Foul Ball, location: 2F
0-1: Hit by Pitch
Batting: RHB Daniel Jackson 0-0: Called Strike
0-1: Called Strike
0-2: Ball
Francisco Viera steals 2nd base
1-2: Ball
2-2: Strikes out swinging
Batting: RHB Ethan Finke 0-0: Foul Ball, location: 2F
0-1: Foul Ball, location: 2F
0-2: Ball
1-2: Ball
2-2: Foul Ball, location: 2F
2-2: Ground out 4-3 (Groundball, 4, EV 90.0 MPH)
Top of the 4th over - 0 runs, 0 hits, 0 errors, 1 left on base; Delmarva 4 - Hickory 0
BOTTOM OF THE 4TH
Hickory Crawdads batting - Pitching for Delmarva Shorebirds : RHP Wes Reynolds
Batting: RHB Aaron Moore 0-0: Called Strike
0-1: Foul Ball, location: 2F
0-2: Strikes out looking
Batting: LHB Brian Gray 0-0: Swinging Strike
0-1: Ball
1-1: Foul Ball, location: 2F
1-2: Foul Ball, location: 2F
1-2: Ball
2-2: SINGLE (Groundball, 34S, EV 62.5 MPH) (infield hit)
Batting: RHB Matthew Starr 0-0: Ball
1-0: Called Strike
1-1: Foul Ball, location: 2F
1-2: Ball
2-2: Foul Ball, location: 2F
2-2: Fly out, F8 (Flyball, 8LM, EV 82.5 MPH)
Batting: SHB Todd Hewitt 0-0: Ball
1-0: Called Strike
1-1: Foul Ball, location: 2F
1-2: Strikes out swinging
Bottom of the 4th over - 0 runs, 1 hit, 0 errors, 1 left on base; Delmarva 4 - Hickory 0
TOP OF THE 5TH
Delmarva Shorebirds batting - Pitching for Hickory Crawdads : RHP Mario Vizcaya
Batting: RHB Ismael Macedo 0-0: Foul Ball, location: 2F
0-1: Ball
1-1: Foul Ball, location: 2F
1-2: Ball
2-2: Foul Ball, location: 2F
2-2: Ball
3-2: Strikes out looking
Batting: RHB Mike Zepeda 0-0: Called Strike
0-1: Foul Ball, location: 2F
0-2: Strikes out looking
Batting: SHB Jared Boyce 0-0: Called Strike
0-1: Ball
1-1: Swinging Strike
1-2: Ball
2-2: Foul Ball, location: 2F
2-2: Strikes out looking
Top of the 5th over - 0 runs, 0 hits, 0 errors, 0 left on base; Delmarva 4 - Hickory 0
BOTTOM OF THE 5TH
Hickory Crawdads batting - Pitching for Delmarva Shorebirds : RHP Wes Reynolds
Batting: RHB Jarrod Joyce 0-0: Ball
1-0: Called Strike
1-1: Swinging Strike
1-2: Fly out, F8 (Flyball, 78M, EV 93.8 MPH)
Batting: LHB Lee Gerken 0-0: Ball
1-0: Ball
2-0: Called Strike
2-1: SINGLE (Flyball, 56D, EV 88.1 MPH)
Batting: LHB Caleb Domino 0-0: Ball
1-0: Foul Ball, location: 2F
1-1: Ball
2-1: Grounds into double play, 4-6-3 (Groundball, 34, EV 78.8 MPH)
Bottom of the 5th over - 0 runs, 1 hit, 0 errors, 0 left on base; Delmarva 4 - Hickory 0
TOP OF THE 6TH
Delmarva Shorebirds batting - Pitching for Hickory Crawdads : RHP Mario Vizcaya
Batting: RHB Tony Godley 0-0: Ball
1-0: Called Strike
1-1: Ball
2-1: SOLO HOME RUN (Line Drive, 7D, EV 101.2 MPH), Distance : 394 ft
Batting: RHB Matt O'Dea 0-0: Called Strike
0-1: Ball
1-1: Fly out, F7 (Flyball, 78XD, EV 96.9 MPH)
Batting: RHB Dave Perron 0-0: Ground out 6-3 (Groundball, 4M, EV 106.2 MPH)
Batting: RHB Francisco Viera 0-0: Called Strike
0-1: Swinging Strike
0-2: Ball
1-2: Foul Ball, location: 2F
1-2: Ball
2-2: Foul Ball, location: 2F
2-2: Ball
3-2: Foul Ball, location: 2F
3-2: Base on Balls
Pitching: LHP Matt Wass
Batting: RHB Daniel Jackson 0-0: Called Strike
Pickoff Throw to First - Out! 1-3
Top of the 6th over - 1 run, 1 hit, 0 errors, 0 left on base; Delmarva 5 - Hickory 0
BOTTOM OF THE 6TH
Hickory Crawdads batting - Pitching for Delmarva Shorebirds : RHP Wes Reynolds
Batting: RHB Zach Thomason 0-0: Ball
1-0: Called Strike
1-1: Ball
2-1: Reached on error, E5 (Groundball, 56S, EV 85.6 MPH)
Batting: RHB Dave Brabo 0-0: Ball
1-0: Foul Ball, location: 2F
1-1: Swinging Strike
1-2: Strikes out swinging
Batting: RHB Aaron Moore 0-0: Ball
1-0: Foul Ball, location: 2F
1-1: Fielders Choice at 2nd, 6-4 (Groundball, 6, EV 103.8 MPH)
Batting: LHB Brian Gray 0-0: Called Strike
Aaron Moore is caught stealing 2nd base 2-6
Bottom of the 6th over - 0 runs, 0 hits, 1 error, 0 left on base; Delmarva 5 - Hickory 0
TOP OF THE 7TH
Delmarva Shorebirds batting - Pitching for Hickory Crawdads : LHP Matt Wass
Batting: RHB Daniel Jackson 0-0: Foul Ball, location: 2F
0-1: Foul Ball, location: 2F
0-2: Ball
1-2: Foul Ball, location: 2F
1-2: Fly out, F9 (Line Drive, 9, EV 87.5 MPH)
Batting: RHB Ethan Finke 0-0: Called Strike
0-1: Ball
1-1: Ball
2-1: Foul Ball, location: 2F
2-2: Strikes out swinging
Batting: RHB Ismael Macedo 0-0: Swinging Strike
0-1: TRIPLE (Line Drive, 89XD, EV 100.0 MPH)
Batting: RHB Mike Zepeda 0-0: Ball
1-0: Ball
2-0: Called Strike
2-1: SINGLE (Groundball, 6MS, EV 70.0 MPH) (infield hit)
Ismael Macedo scores
Batting: SHB Jared Boyce 0-0: Ball
1-0: Called Strike
1-1: Ball
2-1: Foul Ball, location: 2F
2-2: Ground out 4-3 (Groundball, 13, EV 92.5 MPH)
Top of the 7th over - 1 run, 2 hits, 0 errors, 1 left on base; Delmarva 6 - Hickory 0
BOTTOM OF THE 7TH
Hickory Crawdads batting - Pitching for Delmarva Shorebirds : RHP Wes Reynolds
Batting: LHB Brian Gray 0-0: Ball
1-0: Ball
2-0: Ball
3-0: Swinging Strike
3-1: Foul Ball, location: 2F
3-2: Fly out, F8 (Flyball, 8LS, EV 76.2 MPH)
Pitching: LHP Justin Hinton
Batting: RHB Matthew Starr 0-0: Ball
1-0: Swinging Strike
1-1: Swinging Strike
1-2: Ball
2-2: Strikes out swinging
Batting: SHB Todd Hewitt 0-0: Called Strike
0-1: Ball
1-1: Ball
2-1: Called Strike
2-2: SINGLE (Groundball, P, EV 84.4 MPH) (infield hit)
Batting: RHB Jarrod Joyce 0-0: Fly out, F8 (Line Drive, 8LM, EV 86.9 MPH)
Bottom of the 7th over - 0 runs, 1 hit, 0 errors, 1 left on base; Delmarva 6 - Hickory 0
TOP OF THE 8TH
Delmarva Shorebirds batting - Pitching for Hickory Crawdads : LHP Matt Wass
Batting: RHB Tony Godley 0-0: Ball
1-0: Ball
2-0: Ball
3-0: Base on Balls
Batting: RHB Matt O'Dea 0-0: Ball
1-0: Fielders Choice at 2nd, 6-4 (Groundball, 6, EV 85.0 MPH)
Batting: RHB Dave Perron 0-0: Called Strike
0-1: Ball
1-1: Foul Ball, location: 2F
1-2: Ball
2-2: Strikes out swinging
Batting: RHB Francisco Viera 0-0: Ball
1-0: Foul Ball, location: 2F
1-1: Ball
2-1: Fielders Choice at 2nd, 6-4 (Groundball, 6, EV 108.1 MPH)
Top of the 8th over - 0 runs, 0 hits, 0 errors, 1 left on base; Delmarva 6 - Hickory 0
BOTTOM OF THE 8TH
Hickory Crawdads batting - Pitching for Delmarva Shorebirds : LHP Justin Hinton
Pinch Hitting: RHB Dermott Neill 0-0: Foul Ball, location: 2F
0-1: Called Strike
0-2: Ball
1-2: Ball
2-2: Ball
3-2: DOUBLE (Line Drive, 9LS, EV 96.9 MPH)
Pinch Hitting: SHB Quido van Erp 0-0: Called Strike
0-1: Foul Ball, location: 2F
0-2: Ball
1-2: Strikes out swinging
Batting: RHB Zach Thomason 0-0: Foul Ball, location: 2F
0-1: Ball
1-1: Ball
2-1: Ball
3-1: Called Strike
3-2: SINGLE (Line Drive, 8RS, EV 88.1 MPH)
Dermott Neill to third
Batting: RHB Dave Brabo 0-0: Ball
1-0: Called Strike
1-1: Fly out, F4 (Popup, 4S, EV 83.1 MPH)
Batting: RHB Aaron Moore 0-0: Ball
1-0: Foul Ball, location: 2F
1-1: Swinging Strike
1-2: Ball
2-2: Ball
3-2: Foul Ball, location: 2F
3-2: Foul Ball, location: 2F
3-2: Foul Ball, location: 2F
3-2: Ground out 4-3 (Groundball, 4, EV 94.4 MPH)
Bottom of the 8th over - 0 runs, 2 hits, 0 errors, 2 left on base; Delmarva 6 - Hickory 0
TOP OF THE 9TH
Delmarva Shorebirds batting - Pitching for Hickory Crawdads : LHP Matt Wass
Pitching: RHP Johnny Munoz
Now at 1B: Dermott Neill
Now in CF: Quido van Erp
Batting: RHB Daniel Jackson 0-0: Ball
1-0: Swinging Strike
1-1: Foul Ball, location: 2F
1-2: Ball
2-2: SINGLE (Line Drive, 8LS, EV 88.1 MPH)
Batting: RHB Ethan Finke 0-0: Ball
1-0: Called Strike
1-1: Foul Ball, location: 2F
1-2: Fly out, F9 (Flyball, 89M, EV 85.0 MPH)
Batting: RHB Ismael Macedo 0-0: Ball
1-0: Ball
Daniel Jackson is caught stealing 2nd base 2-4
2-0: Ball
3-0: Called Strike
3-1: Ground out U3 (Groundball, 3, EV 84.4 MPH)
Top of the 9th over - 0 runs, 1 hit, 0 errors, 0 left on base; Delmarva 6 - Hickory 0
BOTTOM OF THE 9TH
Hickory Crawdads batting - Pitching for Delmarva Shorebirds : LHP Justin Hinton
Batting: LHB Brian Gray 0-0: Ball
1-0: SINGLE (Line Drive, 89S, EV 111.9 MPH)
Pitching: LHP Andy Shearn
Batting: RHB Matthew Starr 0-0: Ball
Passed Ball!
Brian Gray to second
1-0: Called Strike
1-1: Ball
2-1: Ball
3-1: Base on Balls
Batting: SHB Todd Hewitt 0-0: Ball
1-0: Ball
2-0: SINGLE (Line Drive, 34, EV 94.4 MPH)
Brian Gray to third
Matthew Starr to second
Batting: RHB Jarrod Joyce 0-0: Grounds into double play, 3-6-3 (Groundball, 34, EV 99.4 MPH)
Brian Gray scores
Matthew Starr to third
Batting: RHB Dermott Neill 0-0: Ball
1-0: Called Strike
1-1: Ball
2-1: Swinging Strike
2-2: Strikes out swinging
Bottom of the 9th over - 1 run, 2 hits, 0 errors, 1 left on base; Delmarva 6 - Hickory 1
Tuesday, March 28th , 2023 - OOTP Baseball 23.10 Build 110